 Dungeon Crawl Stone Soup version 0.27-a0-887-gcab673c142 (webtiles) character file.

Game seed: 15212049574537136099

541 jestyr24 the Magician (level 7, -3/47 HPs)
             Began as a Djinni Fire Elementalist on Apr 4, 2021.
             Was a Believer of Makhleb.
             Slain by an elf zombie (7 damage)
             ... in an ossuary.
             The game lasted 00:22:16 (3701 turns).

jestyr24 the Magician (Djinni Fire Elementalist)    Turns: 3701, Time: 00:22:17

Health: -3/47      AC:  4    Str:  7    XL:     7   Next: 26%
Gold:   117        EV: 14    Int: 19    God:    Makhleb [**....] SH:  0 Dex: 19

rFire    + + .     SeeInvis .   g - +4 dagger
rCold    . . .     Faith    .   (no shield)
rNeg     . . .     Spirit   .   a - +1 robe
rPois    ∞         Reflect  .   d - +0 helmet
rElec    .         Harm     .   (no cloak)
rCorr    .         Rampage  .   (no gloves)
Will     .....                  (boots unavailable)
Stlth    +++.......             (no amulet)
HPRegen  0.15/turn              h - +6 ring of dexterity
MPRegen  0.00/turn              k - ring of protection from cold

@: brilliant, attractive, flying
A: fire resistance 2, cold vulnerability 1, float, innate caster, hp casting,
extra vitality 1
a: Renounce Religion, Minor Destruction


You were in an ossuary.
You worshipped Makhleb.
Makhleb was pleased with you.
You visited 1 branch of the dungeon, and saw 4 of its levels.
You also visited: Ossuary.

You collected 117 gold pieces.

Inventory:

Hand Weapons
 b - a +2 dagger of protection
 g - a +4 dagger (weapon)
 l - a +0 great mace
Missiles
 i - 20 poisoned darts
 p - 8 javelins
Armour
 a - a +1 robe (worn)
 d - a +0 helmet (worn)
Jewellery
 f - a ring of ice
 h - a +6 ring of dexterity (left hand)
 k - a ring of protection from cold (right hand)
Wands
 j - a wand of polymorph (9)
Scrolls
 c - 6 scrolls of identify
 r - a scroll of teleportation {unknown}
 t - 2 scrolls of fear {unknown}
Potions
 e - 2 potions of flight
 m - a potion of brilliance
 n - 3 potions of curing
 q - a potion of attraction
 s - 2 potions of magic {unknown}
 u - a potion of lignification {unknown}


   Skills:
 + Level 1.1 Fighting
 - Level 1.0 Short Blades
 + Level 4.0 Dodging
 + Level 3.2 Stealth
 - Level 0.1 Unarmed Combat
 + Level 5.3 Spellcasting


You couldn't memorise any spells.
You knew the following spells:

 Your Spells              Type           Power      Damage    Failure   Level
a - Foxfire               Conj/Fire      100%       2x1d9     1%          1
b - Inner Flame           Hex/Fire       38%        N/A       4%          3
c - Searing Ray           Conj           76%        3d6       1%          2
d - Sticky Flame          Conj/Fire      38%        2d6       13%         4
e - Fireball              Conj/Fire      19%        3d9       36%         5
f - Apportation           Tloc           76%        N/A       1%          1
g - Conjure Flame         Conj/Fire      38%        6-21      4%          3
h - Call Imp              Summ           38%        N/A       1%          2
Your spell library was empty.

Dungeon Overview and Level Annotations

Branches:
Dungeon (4/15)            Ossuary (1/1)
 Temple: D:4-7

Altars:
Elyvilon
Makhleb
Qazlal
Uskayaw
Yredelemnul

Shops:
D:1 !


Innate Abilities, Weirdness & Mutations

You are immune to poison.
Your flesh is very heat resistant. (rF++)
You are vulnerable to cold. (rC-)
You float through the air rather than walking.
You learn spells naturally, not from books.
Your magical power is your life essence.
You have superior vitality. (+4 HP)


Message History

Makhleb accepts your kill.
You feel better.
Really fly into that cloud of flame?
Okay, then.
The foxfire hits the elf zombie.
The elf zombie is moderately damaged.
The foxfire hits the elf zombie!
The elf zombie is moderately damaged.
You hit the elf zombie.
The elf zombie is heavily damaged.
The elf zombie hits you.
* * * LOW HITPOINT WARNING * * *
You hit the elf zombie.
The elf zombie is heavily damaged.
You barely miss the elf zombie.
The elf zombie is heavily damaged.
The elf zombie hits you.
* * * LOW HITPOINT WARNING * * *
You hit the elf zombie.
The elf zombie is heavily damaged.
The elf zombie misses you.
You hit the elf zombie.
The elf zombie is heavily damaged.
The elf zombie hits you.
* * * LOW HITPOINT WARNING * * *
You hit the elf zombie.
The elf zombie is heavily damaged.
Casting: Foxfire (safe; 1% risk of failure)
Confirm with . or Enter, or press ? or * to list all spells.
You feel a surge of power!
You conjure some foxfire!
* * * LOW HITPOINT WARNING * * *
The elf zombie closely misses you.
The foxfire hits the elf zombie.
The elf zombie is heavily damaged.
The foxfire hits the elf zombie!
The elf zombie is severely damaged.
You hit the elf zombie.
The elf zombie is severely damaged.
The elf zombie hits you!
You die...

### ###.###
##.....## #.......#
#....Z@.# #....°..#
##.....## ###.###
#'# ###.### ####
##.....## #...##
#.......# .....#
##...∩...###.....##


You could see an elf zombie.

Vanquished Creatures
  2 elf zombies (Ossuary)
  A scorpion (D:4)
  A human zombie (Ossuary)
  2 orc priests (D:4)
  Jessica (D:2)
  2 orc wizards (D:3)
  Natasha (thrice) (D:2)
  A mummy (Ossuary)
  2 adders
  An adder skeleton (D:4)
  A worm (D:2)
  A dart slug (D:1)
  5 orcs
  6 ball pythons
  5 bats
  An endoplasm (D:2)
  2 giant cockroaches
  6 goblins
  8 hobgoblins
  3 jackals (D:2)
  6 quokkas
  7 frilled lizards
  6 kobolds
  3 rats
76 creatures vanquished.

Vanquished Creatures (others)
  170 foxfires
  A plant (D:4)
171 creatures vanquished.

Grand Total: 247 creatures vanquished

Notes
Turn   | Place    | Note
-------+----------+-------------------------------------------
     0 | D:1      | jestyr24 the Djinni Fire Elementalist began the quest for
                  | the Orb.
     0 | D:1      | Reached XP level 1. HP: 15/15 MP: 0/0
   277 | D:1      | Found Ycroumm's Distillery.
   293 | D:1      | Reached XP level 2. HP: 20/21 MP: 0/0
   309 | D:1      | Reached skill level 3 in Spellcasting
   799 | D:1      | Reached XP level 3. HP: 22/25 MP: 0/0
   799 | D:1      | Learned a level 1 spell: Apportation
  1156 | D:2      | Noticed Jessica
  1162 | D:2      | Killed Jessica
  1200 | D:2      | Noticed Natasha
  1217 | D:2      | Killed Natasha
  1218 | D:2      | Reached XP level 4. HP: 16/31 MP: 0/0
  1377 | D:2      | Noticed Natasha
  1384 | D:2      | Killed Natasha
  1385 | D:2      | Reached skill level 4 in Spellcasting
  1482 | D:2      | Noticed Natasha
  1496 | D:2      | Killed Natasha
  1497 | D:2      | Reached XP level 5. HP: 30/36 MP: 0/0
  1497 | D:2      | Learned a level 2 spell: Searing Ray
  1692 | D:2      | Found a faded altar of an unknown god.
  1696 | D:2      | Became a worshipper of Makhleb the Destroyer
  1696 | D:2      | Reached * piety under Makhleb
  2576 | D:3      | Found a burning altar of Makhleb.
  2580 | D:3      | Found a white marble altar of Elyvilon.
  2580 | D:3      | Found a hide-covered altar of Uskayaw.
  2589 | D:3      | Found a stormy altar of Qazlal.
  2594 | D:3      | Found a basalt altar of Yredelemnul.
  2830 | D:3      | Reached XP level 6. HP: 40/41 MP: 0/0
  3028 | D:3      | Reached ** piety under Makhleb
  3325 | D:4      | Reached skill level 1 in Short Blades
  3401 | D:4      | Found a sand-covered staircase.
  3605 | Ossuary  | Entered an ossuary
  3673 | Ossuary  | Reached skill level 1 in Fighting
  3673 | Ossuary  | Reached skill level 5 in Spellcasting
  3675 | Ossuary  | Reached XP level 7. HP: 4/47 MP: 0/0
  3675 | Ossuary  | Learned a level 2 spell: Call Imp
  3701 | Ossuary  | Slain by an elf zombie

Illustrated notes

Levels and vault maps discovered:
D:1:      psy_arrival_dodecagon, layout_basic, serial_shops, shop,
          interstate_on_off
D:2:      layout_basic, ebering_ecumenical_altar_box, uniq_jessica, uniq_natasha
D:3:      minmay_wonky_spiral, layout_rooms, minmay_overflow_temple_star_hex
D:4:      layout_rooms, nicolae_overflow_crystal_walls,
          nicolae_ossuary_entry_plus, serial_bayou_pond_b, uniq_eustachio
Ossuary:  ossuary_minmay_four_chambers

Skill      XL: |  1  2  3  4  5  6 |
---------------+-------------------+-----
Spellcasting   | 3 4 5 |  5.3
Stealth        | 2 3 |  3.2
Dodging        | 3 4 |  4.0
Short Blades   | 1 |  1.0
Fighting       | 1 |  1.1
Unarmed Combat | |  0.1

Action                   |  1- 3 |  4- 6 |  7- 9 || total
-------------------------+-------+-------+-------++-------
Melee: Dagger            |    20 |    41 |     8 ||    69
       Unarmed           |       |     3 |       ||     3
 Cast: Foxfire           |    31 |    67 |     4 ||   102
       Inner Flame       |     1 |     7 |     1 ||     9
       Apportation       |     1 |       |       ||     1
       Conjure Flame     |       |     1 |       ||     1
       Searing Ray       |       |     1 |       ||     1
  Use: Potion            |     1 |       |     3 ||     4
       Scroll            |       |     5 |       ||     5
 Stab: Sleeping          |     2 |     1 |       ||     3
Armor: Robe              |     7 |    14 |     1 ||    22
Dodge: Dodged            |    22 |    35 |     4 ||    61

Table legend: (Time is in decaauts)
 A = Elapsed time spent in this place.
 B = Non-inter-level travel time spent in this place.
 C = Inter-level travel time spent in this place.
 D = Time resting spent in this place.
 E = Time spent auto-exploring this place.
 F = Levels seen in this place.
 G = Mean time per level.
                   A        B        C        D        E       F      G
               +--------+--------+--------+--------+--------+-----+--------+
         Total |   3696 |   3625 |     71 |   1048 |   1777 |   5 |  739.2 |
       Dungeon |   3601 |   3530 |     71 |   1048 |   1777 |   4 |  900.2 |
       Ossuary |     95 |     95 |      0 |      0 |      0 |   1 |   95.0 |
               +--------+--------+--------+--------+--------+-----+--------+

Top non-repeatable levels by time:
     D:2: 1382 daAuts
     D:1: 1104 daAuts
     D:3: 808 daAuts
     D:4: 306 daAuts
 Ossuary: 95 daAuts
